 Dungeon Crawl Stone Soup version 0.25-a0-280-gfa4545f (webtiles) character file.

Game seed: 6107868264040954420, levelgen mode: deterministic

973 Blackhawk the Covered (level 7, -5/63 (64) HPs)
             Began as a Minotaur Fighter on Dec 10, 2019.
             Was an Initiate of Ru.
             Slain by an ogre
             ... wielding a +0 giant club
              (24 damage)
             ... on level 6 of the Dungeon.
             The game lasted 00:06:48 (4787 turns).

Blackhawk the Covered (Minotaur Fighter)            Turns: 4787, Time: 00:06:49

HP:   -5/63 (64)    AC: 14    Str: 28    XL:     7   Next: 94%
MP:   6/6           EV:  6    Int:  5    God:    Ru [......]
Gold: 245           SH: 11    Dex:  9    Spells: 6/6 levels left

rFire    . . .     SeeInvis .   a - +0 war axe
rCold    . . .     Gourm    .   c - +0 shield
rNeg     + . .     Faith    .   k - +0 plate armour
rPois    .         Spirit   .   (helmet restricted)
rElec    .         Reflect  .   (no cloak)
rCorr    .         Harm     .   h - +0 pair of gloves
MR       .....                  (no boots)
Stlth    ..........             (no amulet)
HPRegen  0.20/turn              j - +5 ring of strength
MPRegen  0.10/turn              u - ring of positive energy

@: no status effects
A: retaliatory headbutt, horns 2
a: Renounce Religion


You were on level 6 of the Dungeon.
You worshipped Ru.
Ru was noncommittal.
You were not hungry.

You visited 1 branch of the dungeon, and saw 6 of its levels.

You collected 245 gold pieces.

Inventory:

Hand Weapons
 a - a +0 war axe (weapon)
Missiles
 e - 35 poisoned darts (quivered)
Armour
 b - a +0 scale mail
 c - a +0 shield (worn)
 h - a +0 pair of gloves (worn)
 k - a +0 plate armour (worn)
Jewellery
 j - a +5 ring of strength (left hand)
 t - an uncursed ring of magical power
 u - a ring of positive energy (right hand)
 C - a +3 ring of intelligence {unknown}
Wands
 r - a wand of acid (13)
Scrolls
 i - 5 scrolls of remove curse {unknown}
 l - 6 scrolls of identify {unknown}
 m - 3 scrolls of teleportation {unknown}
 n - 3 scrolls of immolation {unknown}
 s - a scroll of enchant armour {unknown}
 v - a scroll of fog {unknown}
 y - a scroll of blinking {unknown}
Potions
 d - 2 potions of might
 g - a potion of heal wounds {unknown}
 o - a potion of resistance {unknown}
 p - a potion of agility {unknown}
 q - 4 potions of curing {unknown}
 w - a potion of lignification {unknown}
 x - a potion of cancellation {unknown}
 A - a potion of flight {unknown}
 B - a potion of haste {unknown}
Comestibles
 f - 9 rations
 z - 2 chunks of flesh


   Skills:
 + Level 6.5 Fighting
 + Level 5.9 Axes
 + Level 6.6 Armour
 + Level 6.5 Shields


You had 6 spell levels left.
You didn't know any spells.
Your spell library contained the following spells:

 Spells                   Type           Power        Failure   Level  Hunger
 Animate Skeleton         Necr           N/A          100%        1    ##.....
 Pain                     Necr           #...         100%        1    ##.....
 Summon Small Mammal      Summ           #...         100%        1    ##.....
 Call Imp                 Summ           #.......     100%        2    ###....
 Call Canine Familiar     Summ           #.......     100%        3    ####...
 Regeneration             Chrm/Necr      #.........   100%        3    ####...
 Summon Guardian Golem    Hex/Summ       #.......     100%        3    ####...
 Vampiric Draining        Necr           #.........   100%        3    ####...
 Animate Dead             Necr           N/A          100%        4    #####..
 Summon Ice Beast         Ice/Summ       #.......     100%        4    #####..
 Summon Lightning Spire   Summ/Air       #.......     100%        4    #####..


Dungeon Overview and Level Annotations

Branches:
Dungeon (6/15)
 Temple: D:4-7

Altars:
Kikubaaqudgha
Nemelex Xobeh
Ru
Uskayaw
Wu Jian
Xom
Zin
The Shining One


Innate Abilities, Weirdness & Mutations

You reflexively headbutt those who attack you in melee.
You have a pair of horns on your head.


Message History

You are too injured to fight recklessly!
You are too injured to fight recklessly!
You are too injured to fight recklessly!
You are too injured to fight recklessly!
You are too injured to fight recklessly!
You are too injured to fight recklessly!
You are too injured to fight recklessly!
You are too injured to fight recklessly!
Your shield and plate armour prevent you from hitting the ogre.
You headbutt the ogre, but do no damage.
The ogre is severely wounded.
You block the ogre's attack.
You hit the ogre. Your headbutt misses the ogre.
The ogre is severely wounded.
The ogre hits you with a +0 giant club!
* * * LOW HITPOINT WARNING * * *
You hit the ogre. You headbutt the ogre.
The ogre is almost dead.
The ogre hits you with a +0 giant club!!
You die...

##.#.# ##
###.# # #.#
#.# #.# #.# ##
. #.# #.
#...########.#
#.
#.....O@.....#
#
#...##########
.


You could see an ogre.

Vanquished Creatures
  A sky beast (D:6)
  An ice beast (D:5)
  An ogre (D:5)
  A necrophage (D:5)
  A wyvern skeleton (D:6)
  A crimson imp (D:5)
  An orc priest (D:4)
  3 hounds
  3 iguanas
  5 orc wizards
  2 worker ants (D:4)
  5 adders
  A shadow imp (D:5)
  2 oozes
  3 dart slugs
  8 leopard geckos
  10 orcs
  4 giant cockroaches (D:1)
  2 goblins
  5 hobgoblins
  8 jackals
  2 quokkas
  A ball python (D:6)
  9 bats
  5 frilled lizards
  7 kobolds
  A leopard gecko skeleton (D:2)
  A leopard gecko zombie (D:6)
  8 rats
102 creatures vanquished.

Notes
Turn   | Place    | Note
-------+----------+-------------------------------------------
     0 | D:1      | Blackhawk the Minotaur Fighter began the quest for the Orb.
     0 | D:1      | Reached XP level 1. HP: 19/19 MP: 0/0
     6 | D:1      | Noticed a water moccasin
     6 | D:1      | Noticed a killer bee
     7 | D:1      | Noticed a seven-headed hydra
     7 | D:1      | Noticed a polar bear
    94 | D:1      | Reached XP level 2. HP: 26/27 MP: 1/1
   436 | D:1      | Reached XP level 3. HP: 29/33 MP: 2/2
   883 | D:2      | Found a faded altar of an unknown god.
  1498 | D:2      | Found an ancient bone altar of Kikubaaqudgha.
  1892 | D:3      | Reached XP level 4. HP: 41/41 MP: 3/3
  2007 | D:3      | Noticed a +0 hand axe
  2008 | D:3      | Found a hide-covered altar of Uskayaw.
  2008 | D:3      | Noticed a +0 hand axe
  2474 | D:3      | Reached XP level 5. HP: 47/47 MP: 4/4
  2728 | D:3      | Found a shimmering altar of Xom.
  2970 | D:4      | Found an ornate altar of the Wu Jian Council.
  2988 | D:4      | Reached skill level 5 in Fighting
  2988 | D:4      | Reached skill level 5 in Armour
  2988 | D:4      | Reached skill level 5 in Shields
  3446 | D:4      | Reached XP level 6. HP: 52/56 MP: 5/5
  3572 | D:4      | Found a glowing silver altar of Zin.
  3854 | D:5      | Entered Level 5 of the Dungeon
  3854 | D:5      | Found a sacrificial altar of Ru.
  3873 | D:5      | Became a worshipper of Ru the Awakened
  4072 | D:5      | Reached skill level 5 in Axes
  4072 | D:5      | Reached XP level 7. HP: 61/61 MP: 6/6
  4548 | D:6      | Found a sparkling altar of Nemelex Xobeh.
  4548 | D:6      | Found a glowing golden altar of the Shining One.
  4787 | D:6      | Slain by an ogre

Levels and vault maps discovered:
D:1:      onia_arrival_zoo_common, layout_loops_ring
D:2:      layout_basic, kiku_gazebo_pond_becter, first_ration,
          chequers_ecumenical_altar_twisty, roderic_lattice_a,
          roderic_roman_lattice, chequers_serial_rivers_small_3
D:3:      layout_basic, dancing_weapons_uskayaw, lemuel_round_altar,
          chequers_garden
D:4:      layout_loops_ring, nicolae_overflow_crystal_walls, zin_scriptorium
D:5:      layout_rooms, basic_altar
D:6:      layout_loops_corners, gammafunk_temple_overflow_forgotten,
          serial_shops, shop, chequers_mini_garden, grunt_decor_resistance,
          uniq_eustachio

Skill      XL: |  1  2  3  4  5  6  7 |
---------------+----------------------+-----
Armour         | 4 5 6 |  6.6
Fighting       | 4 5 6 |  6.5
Shields        | 4 5 6 |  6.5
Axes           | 3 4 5 |  5.9

Action                   |  1- 3 |  4- 6 |  7- 9 || total
-------------------------+-------+-------+-------++-------
Melee: War axe           |    93 |   142 |    53 ||   288
       Headbutt          |    12 |    28 |    10 ||    50
  Use: Potion            |       |       |     1 ||     1
  Eat: Chunk             |     3 |     7 |     3 ||    13
Armor: Scale mail        |    33 |       |       ||    33
       Plate armour      |    24 |   100 |    20 ||   144
Dodge: Dodged            |    33 |    29 |    11 ||    73
Block: Shield            |    54 |    78 |    17 ||   149

Table legend:
 A = Non-vault XP
 B = Vault XP
 C = Vault XP percentage of total XP
 D = Non-vault monster count
 E = Vault monster count
 F = Vault count percentage of total count
                 A         B        C        D         E       F
            +---------+---------+-------+---------+---------+-------
      Total |    1390 |       0 |   0.0 |     102 |       0 |   0.0
            +---------+---------+-------+---------+---------+-------
        D:1 |      46 |       0 |   0.0 |      27 |       0 |   0.0
        D:2 |      20 |       0 |   0.0 |      10 |       0 |   0.0
        D:3 |     142 |       0 |   0.0 |      28 |       0 |   0.0
        D:4 |     208 |       0 |   0.0 |      11 |       0 |   0.0
        D:5 |     718 |       0 |   0.0 |      20 |       0 |   0.0
        D:6 |     256 |       0 |   0.0 |       6 |       0 |   0.0
            +---------+---------+-------+---------+---------+-------
